 Dungeon Crawl Stone Soup version 0.31-a0-1496-g79c7dd0eeb (webtiles) character file.

Game seed: 7524155160255275206

37663 dorian the Grappler (level 13, -4/174 HPs)
             Began as a Black Draconian Shapeshifter on Dec 29, 2023.
             Was a High Priest of Wu Jian.
             Slain by an orc knight
             ... wielding a +2 great mace of protection
              (21 damage)
             ... on level 10 of the Dungeon.
             The game lasted 00:35:08 (15445 turns).

dorian the Grappler (Black Draconian Shapeshifter) Turns: 15445, Time: 00:35:09

Health: -4/174     AC: 10    Str: 17    XL:     13   Next: 59%
Magic:  13/13      EV: 24    Int: 11    God:    Wu Jian [*****.]
Gold:   3082       SH:  0    Dex: 21    Spells: 12/12 levels left

rFire   . .          .
                       - Unarmed
rCold   . . .        (shield currently unavailable)
rNeg    . . .        (body armour unavailable)
rPois   .            (helmet restricted)
rElec   +            y - +1 cloak
rCorr   .            (gloves currently unavailable)
SInv    .            (no boots)
Will    .....        (no amulet) Stlth
                     h - +5 ring of evasion
HPRegen 0.49/turn    o - +6 ring of dexterity
MPRegen 0.13/turn

%: no passive effects
@: berserking, blade hands, very quick
A: breathe lightning, AC +8, unfitting armour, electricity resistance,
cold-blooded
a: Breathe Lightning, Begin Untransformation, Renounce Religion, Wall Jump,
Serpent's Lash, Heavenly Storm


You were on level 10 of the Dungeon.
You worshipped Wu Jian.
Wu Jian was extremely pleased with you.
You had blades for hands.
You visited 4 branches of the dungeon, and saw 16 of its levels.

You collected 3082 gold pieces.

Inventory:

Hand Weapons
 z - the +9 sword of Power {lifebolt}
   (You found it on level 1 of the Orcish Mines)
Missiles
 b - 8 boomerangs
 d - a throwing net
Armour
 j - an orb of guile
 y - a +1 cloak (worn)
 H - a +2 buckler of fire resistance
Jewellery
 h - a +5 ring of evasion (left blade hand)
 l - a ring of willpower
 m - a ring of flight
 o - a +6 ring of dexterity (right blade hand)
 t - a ring of see invisible
 C - a ring of ice
 J - an amulet of the acrobat
 K - a ring of ice
 M - an amulet of the acrobat
Talismans
 c - a flux talisman
 g - a blade talisman (active)
Wands
 f - a wand of flame (26)
 s - a wand of paralysis (19)
 u - a wand of digging (11)
 v - a wand of light (7)
 B - a wand of mindburst (14)
 L - a wand of polymorph (4)
 P - a wand of iceblast (11)
Scrolls
 p - 2 scrolls of noise
 r - a scroll of identify
 A - 2 scrolls of blinking
 D - a scroll of revelation
 E - 4 scrolls of fear
 F - 3 scrolls of teleportation
 G - a scroll of enchant armour
Potions
 a - 3 potions of lignification
 e - a potion of heal wounds
 k - 4 potions of haste
 n - 6 potions of curing
 q - a potion of invisibility
 w - a potion of attraction
 x - a potion of mutation
 I - a potion of magic
 Q - 2 potions of enlightenment


   Skills:
 + Level 11.1 Fighting
 + Level 9.5 Dodging
 * Level 14.8 Unarmed Combat
 * Level 11.9 Shapeshifting


You had 12 spell levels left.
You didn't know any spells.
Your spell library contained the following spells:

 Spells                   Type           Power      Damage    Failure   Level
 Apportation              Tloc           0%         N/A       34%         1
 Magic Dart               Conj           0%         1d3       34%         1
 Sandblast                Erth           0%         2d4       34%         1
 Shock                    Conj/Air       0%         1d3       34%         1
 Slow                     Hex            0%         N/A       34%         1
 Blink                    Tloc           0%         N/A       47%         2
 Call Imp                 Summ           0%         N/A       47%         2
 Jinxbite                 Hex            0%         N/A       47%         2
 Static Discharge         Conj/Air       0%         3-3/arc   47%         2
 Sublimation of Blood     Necr           0%         N/A       47%         2
 Confusing Touch          Hex            0%         N/A       71%         3
 Gell's Gravitas          Tloc           0%         N/A       71%         3
 Passwall                 Erth           0%         N/A       71%         3
 Sigil of Binding         Hex            0%         N/A       71%         3
 Stone Arrow              Conj/Erth      0%         3d7       71%         3
 Summon Ice Beast         Ice/Summ       0%         N/A       71%         3
 Swiftness                Air            0%         N/A       71%         3
 Teleport Other           Tloc           0%         N/A       71%         3
 Tukima's Dance           Hex            0%         N/A       71%         3
 Vampiric Draining        Necr           0%         2d6       71%         3
 Airstrike                Air            0%         2d(0-16)  98%         4
 Brom's Barrelling Bould  Conj/Erth      0%         2d3       98%         4
 Dimensional Bullseye     Hex/Tloc       0%         N/A       98%         4
 Iskenderun's Mystic Bla  Conj/Tloc      0%         2d3       98%         4
 Petrify                  Alch/Erth      0%         N/A       98%         4
 Summon Lightning Spire   Summ/Air       0%         N/A       98%         4
 Alistair's Intoxication  Alch           0%         N/A       100%        5
 Fireball                 Conj/Fire      0%         3d3       100%        5
 Irradiate                Conj/Alch      0%         3d11      100%        5
 Iskenderun's Battlesphe  Conj           0%         2d6       100%        5
 Summon Mana Viper        Hex/Summ       0%         N/A       100%        5
 Conjure Ball Lightning   Conj/Air       0%         3x3d6     100%        6
 Dispersal                Tloc           0%         N/A       100%        6
 Haunt                    Necr/Summ      0%         N/A       100%        7
 Malign Gateway           Summ/Tloc      0%         N/A       100%        7
 Monstrous Menagerie      Summ           0%         N/A       100%        7
 Orb of Destruction       Conj           0%         9d5       100%        7
 Summon Hydra             Summ           0%         N/A       100%        7
 Borgnjor's Revivificati  Necr           0%         N/A       100%        8
 Lehudib's Crystal Spear  Conj/Erth      0%         10d2      100%        8
 Summon Horrible Things   Summ           0%         N/A       100%        8
 Death's Door             Necr           0%         N/A       100%        9
 Animate Armour           Summ/Erth      Unusable   N/A       N/A         4

Dungeon Overview and Level Annotations

Branches:
Dungeon (12/15)            Temple (1/1) D:5            Lair (2/5) D:9
 Shoals (0/4) Lair:2        Snake (0/4) Lair:2          Orc (1/2) D:10

Altars:
Ashenzari
Cheibriados
Dithmenos
Elyvilon
Fedhas
Gozag
Hepliaklqana
Kikubaaqudgha
Makhleb
Nemelex Xobeh
Okawaru
Qazlal
Ru
Sif Muna
Trog
Uskayaw
Vehumet
Wu Jian
Xom
Yredelemnul
Zin
The Shining One


Innate Abilities, Weirdness & Mutations

You have blades for hands.
You are incapable of wielding weapons or throwing items.
You can breathe wild blasts of lightning.
Your glossy black scales are hard. (AC +8)
You cannot fit into any form of body armour.
You are resistant to electric shocks. (rElec)
You are cold-blooded and may be slowed by cold attacks.


Message History

The orc knight goes into a battle-frenzy!
You climb upwards.
Welcome back to the Dungeon!
Reactivating autopickup.
There is a staircase to the Orcish Mines here.
You closely miss the orc knight. You tail-slap the orc knight.
The orc knight is severely wounded.
The orc knight misses you.
The orc knight hits you with a +2 great mace of protection!!
You hit the orc knight.
The orc knight is severely wounded.
You closely miss the orc knight.
The orc knight is severely wounded.
The orc knight closely misses you.
The orc knight hits you with a +0 war axe!!
* * * LOW HITPOINT WARNING * * *
You feel much better. The orc knight misses you.
The orc knight hits you with a +0 war axe!
You hit the orc knight.
You tail-slap the orc knight, but do no damage.
The orc knight is severely wounded.
The orc knight hits you with a +0 war axe!
* * * LOW HITPOINT WARNING * * *
The orc knight closely misses you.
A red film seems to cover your vision as you go berserk!
You feel yourself moving faster!
You feel mighty! The orc knight completely misses you.
The orc knight misses you.
You shred the orc knight!!!
You kill the orc knight!
The Council accepts your kill.
You barely miss the orc knight.
You slash the orc knight, but do no damage.
The orc knight hits you with a +2 great mace of protection!!
* * * LOW HITPOINT WARNING * * *
You slash the orc knight! You tail-slap the orc knight.
The orc knight is moderately wounded.
You slash the orc knight!
You tail-slap the orc knight, but do no damage.
The orc knight is severely wounded.
The orc knight hits you with a +2 great mace of protection!!
You die...

.###'#.#.......##############....
.......#.........................
.......#.........................
.......#.#######+####............
..)....#.#####.....####..........
.......#.##.....8.....#..........
#......#)##...........#..........
#......#)#............)...#######
#...^..#...8....@)...8))[.#.....<
#.....##.#......o.......).#......
#.....#..##...........#...#.....#
#######..##.....8.....#...#.....#
.........#####.....####...#.....#
.........#..........#.....#.....#
.........############.....#.....#
..........................###'###
..............................[[[


You could see an orc knight (strong).

Vanquished Creatures
  A fire giant (Orc:1)
  3 ettins (Orc:1)
  A hydra (D:12)
  An ice dragon (Lair:1)
  4 two-headed ogres
  2 orc high priests (Orc:1)
  Pikel (D:5)
  2 orc knights
  2 harpies (Lair:2)
  An orc sorcerer (Orc:1)
  A salamander (Lair:2)
  15 cyclopes
  2 manticores (D:12)
  2 torpor snails (Lair:1)
  Joseph (D:9)
  2 black mambas (Lair:1)
  2 cane toads
  A gargoyle (D:12)
  4 komodo dragons
  2 rime drakes
  Psyche (D:9)
  4 trolls
  A polar bear (Lair:1)
  Grinder (D:5)
  3 dream sheep (Lair:1)
  A vampire (D:12)
  3 wraiths
  48 yaks
  2 basilisks
  3 wargs (Orc:1)
  6 water moccasins
  2 acid dragons (D:12)
  4 black bears
  4 orc warriors
  2 sky beasts
  9 ice beasts
  6 ogres
  7 wolves
  6 centaurs
  3 lemures (D:5)
  A phantom (D:6)
  2 kobold brigands
  6 bullfrogs
  5 gnoll sergeants
  3 scorpions
  4 wights
  9 killer bees
  2 electric eels (D:7)
  10 howler monkeys
  A bombardier beetle (D:4)
  5 jellies
  8 orc priests
  3 hounds
  2 sleepcaps
  Ijyb (D:4)
  2 iguanas
  14 orc wizards
  20 gnolls
  8 adders
  2 shadow imps
  2 ufetubi (D:5)
  4 worms
  4 dart slugs
  34 orcs
  6 bats
  4 endoplasms
  5 giant cockroaches
  13 goblins
  7 hobgoblins
  14 jackals
  21 kobolds
  5 quokkas
  7 ball pythons
  3 frilled lizards
  12 rats
415 creatures vanquished.

Notes
Turn   | Place    | Note
-------+----------+-------------------------------------------
     0 | D:1      | dorian the Draconian Shapeshifter began the quest for the
                  | Orb.
     0 | D:1      | Reached XP level 1. HP: 16/16 MP: 1/1
    56 | D:1      | Reached XP level 2. HP: 10/23 MP: 2/2
   284 | D:1      | Reached XP level 3. HP: 29/29 MP: 3/3
   888 | D:2      | Reached XP level 4. HP: 33/36 MP: 4/4
   934 | D:2      | Reached skill level 4 in Unarmed Combat
   991 | D:2      | Found a shimmering altar of Xom.
  1464 | D:3      | Found a snail-covered altar of Cheibriados.
  1580 | D:3      | Reached XP level 5. HP: 31/42 MP: 5/5
  2041 | D:3      | Found a glowing silver altar of Zin.
  2141 | D:4      | Reached XP level 6. HP: 25/51 MP: 6/6
  2239 | D:4      | Found a stormy altar of Qazlal.
  2426 | D:4      | Reached skill level 5 in Unarmed Combat
  3284 | D:5      | Entered Level 5 of the Dungeon
  3326 | D:5      | Found a staircase to the Ecumenical Temple.
  3333 | D:5      | Noticed a water moccasin
  3352 | D:4      | Killed a water moccasin
  3353 | D:4      | Your scales start taking on a glossy black colour.
  3353 | D:4      | Reached XP level 7. HP: 43/58 MP: 7/7
  3353 | D:4      | Gained mutation: You are resistant to electric shocks.
                  | (rElec) [Black Draconian growth]
  3420 | D:5      | Reached skill level 6 in Unarmed Combat
  3656 | D:5      | Noticed Pikel
  3692 | D:5      | Noticed Ijyb
  3705 | D:4      | Killed Ijyb
  3848 | D:5      | Noticed Grinder
  3943 | D:5      | Killed Pikel
  3944 | D:5      | Reached skill level 5 in Fighting
  3944 | D:5      | Reached skill level 7 in Unarmed Combat
  3944 | D:5      | Reached skill level 5 in Shapeshifting
  3944 | D:5      | Reached XP level 8. HP: 36/68 MP: 8/8
  4037 | Temple   | Entered the Ecumenical Temple
  4059 | Temple   | Became a worshipper of the Wu Jian Council
  4426 | D:5      | Killed Grinder
  4490 | D:5      | Found a blossoming altar of Fedhas.
  4712 | D:6      | Reached skill level 8 in Unarmed Combat
  4725 | D:6      | Reached skill level 5 in Dodging
  4725 | D:6      | Reached XP level 9. HP: 60/75 MP: 9/9
  4849 | D:6      | Identified the +2 robe of Ygeimuhu {Harm rCorr Str-4 Dex+3}
  5005 | D:6      | Found a broken altar of Ashenzari.
  5207 | D:6      | Reached * piety under Wu Jian
  5767 | D:7      | Reached skill level 9 in Unarmed Combat
  5912 | D:7      | Identified the +8 hand axe "Hene" {heavy, rCorr Str+2}
  5995 | D:7      | Noticed a troll
  6006 | D:7      | Killed a troll
  6476 | D:8      | Reached ** piety under Wu Jian
  6477 | D:8      | Reached XP level 10. HP: 77/86 MP: 10/10
  6570 | D:8      | Found a sparkling altar of Nemelex Xobeh.
  6706 | D:8      | Found a glowing golden altar of the Shining One.
  7171 | D:9      | Found an iron altar of Okawaru.
  7220 | D:9      | Reached skill level 10 in Unarmed Combat
  7247 | D:9      | Noticed a two-headed ogre
  7256 | D:9      | Killed a two-headed ogre
  7400 | D:9      | Noticed Joseph
  7427 | D:9      | Killed Joseph
  7428 | D:9      | Reached skill level 11 in Unarmed Combat
  7448 | D:9      | Noticed Psyche
  7454 | D:9      | Killed Psyche
  7610 | D:9      | Found a staircase to the Lair.
  7784 | D:10     | Entered Level 10 of the Dungeon
  7862 | D:10     | Found a staircase to the Orcish Mines.
  7886 | D:10     | Reached XP level 11. HP: 95/95 MP: 11/11
  8132 | D:10     | Reached *** piety under Wu Jian
  8834 | D:10     | Found a bloodstained altar of Trog.
  8873 | D:10     | Identified the +7 rapier of the Fulmar {protect, *Noise rN+
                  | Str+6}
  8915 | D:10     | Found a shimmering blue altar of Sif Muna.
  8997 | D:10     | Identified a scroll of acquirement
  8997 | D:10     | Acquired 1281 gold pieces
  9918 | D:12     | Noticed a two-headed ogre
  9936 | D:12     | Reached skill level 12 in Unarmed Combat
  9947 | D:12     | Killed a two-headed ogre
 10047 | D:12     | Reached **** piety under Wu Jian
 10300 | D:12     | Noticed a five-headed hydra
 10542 | D:12     | Noticed a two-headed ogre
 10558 | D:12     | Killed a two-headed ogre
 10758 | D:12     | Reached XP level 12. HP: 99/105 MP: 12/12
 10949 | D:12     | Killed a five-headed hydra
 11186 | Lair:1   | Entered Level 1 of the Lair of Beasts
 11391 | Lair:1   | Reached skill level 13 in Unarmed Combat
 11797 | Lair:1   | Reached skill level 10 in Shapeshifting
 11905 | Lair:1   | Reached skill level 10 in Fighting
 12376 | Lair:1   | Noticed an ice dragon
 12387 | Lair:1   | Killed an ice dragon
 12387 | Lair:1   | Reached ***** piety under Wu Jian
 13367 | Lair:2   | Found a staircase to the Shoals.
 13501 | Lair:2   | Found a staircase to the Snake Pit.
 13508 | Lair:2   | Reached XP level 13. HP: 54/114 MP: 13/13
 13835 | Orc:1    | Entered Level 1 of the Orcish Mines
 13840 | Orc:1    | Reached skill level 14 in Unarmed Combat
 14007 | Orc:1    | Found a radiant altar of Vehumet.
 14238 | Orc:1    | Noticed an ettin
 14594 | Orc:1    | Killed an ettin
 14793 | Orc:1    | Noticed an ettin
 14793 | Orc:1    | Noticed a fire giant
 14793 | Orc:1    | Found the +9 sword of Power {lifebolt}
 14800 | Orc:1    | Noticed an ettin
 14809 | Orc:1    | Killed a fire giant
 14820 | Orc:1    | Killed an ettin
 14822 | Orc:1    | Killed an ettin
 15037 | Orc:1    | Identified the +1 arbalest of Nufykyck {freeze, rF+ Int+5
                  | Dex+3}
 15038 | Orc:1    | Identified the +8 rapier of Rawaipyqy {freeze, ^Fragile
                  | Dex+4}
 15147 | Orc:1    | Identified the +8 ring mail "Jonnapue" {rN+++ MP+9}
 15445 | D:10     | Slain by an orc knight

Illustrated notes

Levels and vault maps discovered:
D:1:      eino_arrival_druids_welcome, layout_loops_ring, minmay_distorted
D:2:      layout_loops_ring, basic_altar, minivault_26
D:3:      layout_rooms, cheibrodos_worm_habitat, lemuel_tele_altar
D:4:      layout_cave_pods, mainiacjoe_overflow_small_starburst
D:5:      layout_basic, fedhas_altar_2, minmay_temple_entry_offerings,
          nicolae_grassy_gnolls, uniq_grinder, uniq_ijyb, uniq_pikel
D:6:      layout_basic, evilmike_ruin_ashenzari
D:7:      layout_cave_pools, serial_bayou_lagoon_a, feat_on_display
D:8:      layout_cave_pools, kennysheep_mini_moat,
          nemelex_xobeh_ov_fountains_minmay
D:9:      layout_basic, okawaru_gym_becter, hellmonk_lair_entry_icy,
          uniq_joseph, uniq_psyche
D:10:     layout_irregular_city, tgw_trog, kennysheep_little_box, david_orc_2
D:11:     layout_loops_cross
D:12:     kennysheep_blocky_hall, layout_basic
Temple:   minmay_temple_bridge_abc
Lair:1:   dragon1_lemuel, layout_regular_city, chequers_serial_rivers_micro_e
Lair:2:   layout_gridlike, nicolae_shoals_entry_roost,
          nicolae_snake_entry_warm_welcome, chequers_serial_rivers_small_a,
          minmay_hedge_maze
Orc:1:    giant_chief_lemuel, layout_caves, basic_altar, guppyfry_orc_lava_fort

Skill      XL: |  1  2  3  4  5  6  7  8  9 10 11 12 13 |
---------------+----------------------------------------+-----
Dodging        | 2 3 4 5 6 7 8 9 |  9.5
Fighting       | 2 3 5 7 8 9 10 11 | 11.1
Unarmed Combat | 4 5 7 8 9 11 12 13 14 | 14.8
Shapeshifting  | 4 5 6 7 9 11 | 11.9

Action                     |  1- 3 |  4- 6 |  7- 9 | 10-12 | 13-15 || total
---------------------------+-------+-------+-------+-------+-------++-------
  Melee: Unarmed           |   105 |   231 |   359 |   656 |   140 ||  1491
         Tailslap          |     8 |    28 |    61 |   152 |    31 ||   280
         Punch             |     5 |     8 |     1 |    26 |    10 ||    50
Ability: Breathe Lightning |       |       |     5 |     5 |     1 ||    11
         Lunge             |       |       |    20 |    45 |    14 ||    79
         Whirlwind         |       |       |       |     1 |     1 ||     2
         Wall Jump         |       |       |       |     1 |       ||     1
  Evoke: Wand              |       |       |       |     1 |       ||     1
    Use: Scroll            |       |     8 |     6 |    10 |     3 ||    27
         Potion            |       |       |       |     3 |     3 ||     6
   Stab: Sleeping          |     1 |       |     1 |     1 |     1 ||     4
         Invisible         |       |       |       |       |     4 ||     4
 Armour: Skin              |    50 |    87 |   111 |   181 |    50 ||   479
  Dodge: Dodged            |    80 |   147 |   308 |   530 |    96 ||  1161
   Form: Flux              |       |       |     1 |     1 |       ||     2
         Blade             |       |       |       |     2 |       ||     2

Table legend: (Time is in decaauts)
 A = Elapsed time spent in this place.
 B = Non-inter-level travel time spent in this place.
 C = Inter-level travel time spent in this place.
 D = Time resting spent in this place.
 E = Time spent auto-exploring this place.
 F = Levels seen in this place.
 G = Mean time per level.
                   A        B        C        D        E       F      G
               +--------+--------+--------+--------+--------+-----+--------+
         Total |  15247 |  14290 |    957 |   1128 |  10356 |  16 |  952.9 |
       Dungeon |  11291 |  10511 |    780 |    322 |   8081 |  12 |  940.9 |
        Temple |     42 |      2 |     40 |      0 |      0 |   1 |   42.0 |
          Lair |   2486 |   2415 |     71 |    143 |   1916 |   2 | 1243.0 |
  Orcish Mines |   1426 |   1362 |     64 |    663 |    358 |   1 | 1426.0 |
               +--------+--------+--------+--------+--------+-----+--------+

Top non-repeatable levels by time:
  Lair:1: 1500 daAuts
     D:4: 1486 daAuts
    D:10: 1480 daAuts
   Orc:1: 1426 daAuts
    D:12: 1197 daAuts
     D:5: 1049 daAuts
  Lair:2: 985 daAuts
     D:9: 898 daAuts
    D:11: 847 daAuts
     D:6: 821 daAuts
     D:7: 818 daAuts
     D:1: 724 daAuts
     D:3: 692 daAuts
     D:2: 659 daAuts
     D:8: 616 daAuts
